 Dungeon Crawl Stone Soup version 0.29.0-4-gdea44cf6ec (webtiles) character file.

Game seed: 2268465476387245966

18 qw the Chopper (level 2, -8/17 HPs)
             Began as a Tengu Warper on Aug 28, 2022.
             Killed by nerve-wracking pain
             ... invoked by Jessica
              (9 damage)
             ... on level 2 of the Dungeon.
             The game lasted 00:00:03 (763 turns).

qw the Chopper (Tengu Warper)                        Turns: 763, Time: 00:00:04

Health: -8/17      AC:  3    Str: 11    XL:     2   Next: 70%
Magic:  6/6        EV: 11    Int: 13    God:
Gold:   20         SH:  0    Dex: 13    Spells: 5/5 levels left

rFire   . . .      SeeInvis .   Y - +1 hand axe
rCold   . . .      Faith    .   (no shield)
rNeg    . . .      Spirit   .   b - +0 leather armour
rPois   .          Reflect  .   (helmet restricted)
rElec   .          Harm     .   (no cloak)
rCorr   .          Rampage  .   (no gloves)
Will    .....                   (boots unavailable)
Stlth   +.........              (no amulet)
HPRegen 0.05/turn               (no ring)
MPRegen 0.10/turn               (no ring)

@: slowed, very slow
A: beak, talons 3
a: no special abilities


You were on level 2 of the Dungeon.
You visited 1 branch of the dungeon, and saw 2 of its levels.

You collected 20 gold pieces.


Innate Abilities, Weirdness & Mutations

You have a beak for a mouth.
You have claws for feet.


   Skills:
 - Level 2.0 Fighting
 + Level 3.5 Axes
 - Level 1.0 Throwing
 - Level 1.1 Armour
 - Level 2.1 Dodging
 - Level 2.0 Spellcasting
 - Level 2.4 Translocations


You had 5 spell levels left.
You didn't know any spells.
Your spell library contained the following spells:

 Spells                   Type           Power      Damage    Failure   Level
 Blink                    Tloc           14%        N/A       19%         2
 Gell's Gravitas          Tloc           7%         N/A       36%         3
 Lesser Beckoning         Tloc           7%         N/A       36%         3
 Teleport Other           Tloc           7%         N/A       36%         3
 Manifold Assault         Tloc           7%         N/A       98%         5

Inventory:

Hand Weapons
 c - a +0 whip
 Y - a +1 hand axe (weapon)
Armour
 a - a scarf of shadows
 b - a +0 leather armour (worn)
 e - a +0 ring mail
 h - a +0 plate armour
Scrolls
 f - a scroll of identify {unknown}
 i - a scroll of torment {unknown}
Potions
 d - a potion of resistance {unknown}
 g - a potion of mutation {unknown}

Dungeon Overview and Level Annotations

Branches:
Dungeon (2/15)

Altars:

Annotations:
D:2 Jessica


Message History

The adder is moderately wounded.
The adder bites you.
You are poisoned.
The adder poisons you!
You hit the adder.
The adder is severely wounded.
You feel sick. The adder barely misses you. The adder bites you.
You barely miss the adder. Your kick misses the adder.
The adder is severely wounded.
You feel sick. The adder misses you. The adder closely misses you.
You hit the adder.
You kill the adder!
You feel sick.
You are no longer poisoned.
You start resting.
HP restored.
Jessica the Apprentice Sorceress comes into view.
She is wielding a +0 club and wearing a +2 robe of positive energy.
Jessica shouts!
Jessica points at you and mumbles some strange words.
You feel yourself slow down.
Jessica casts a spell.
Jessica blinks!
You hit Jessica. You claw Jessica.
Jessica is moderately wounded.
Jessica barely misses you. Jessica hits you with a +0 club.
You hit Jessica. Your kick misses Jessica.
Jessica is severely wounded.
Jessica closely misses you. Jessica hits you with a +0 club.
You hit Jessica but do no damage.
Jessica is severely wounded.
Jessica casts a spell at you.
You barely resist. You hit Jessica. Your kick misses Jessica.
Your peck misses Jessica.
Jessica is almost dead.
Jessica hits you with a +0 club!
Jessica shouts, "Stop bothering me, or I'll kill you!"
Jessica casts a spell at you. Pain shoots through your body!
Ouch! That really hurt!
You die...

## .
#######################
#......................
#.....@....############
#....@.....# #######
#..........## ###......
###...........###....###<
.........####.........##.
#.........#####.........#.
#.........#.....#.........
#...........#####..>.....#
........................#


You could see Jessica.

Vanquished Creatures
  An adder (D:2)
  3 endoplasms
  A goblin (D:2)
  A ball python (D:2)
  A bat (D:2)
  A kobold (D:1)
  2 rats (D:2)
10 creatures vanquished.

Notes
Turn   | Place    | Note
-------+----------+-------------------------------------------
     0 | D:1      | qw the Tengu Warper began the quest for the Orb.
     0 | D:1      | Reached XP level 1. HP: 12/12 MP: 4/4
     0 | D:1      | 0 ||| qw: Version: 0.1-a-89-g26bdef1
     0 | D:1      | 0 ||| qw: Game counter: 3051
     0 | D:1      | 0 ||| qw: Always use a shield: true
     0 | D:1      | 0 ||| qw: God list: Okawaru
     0 | D:1      | 0 ||| qw: Allow faded altars: false
     0 | D:1      | 0 ||| qw: Do Orc after D:15 true
     0 | D:1      | 0 ||| qw: Do second Lair branch before Depths: true
     0 | D:1      | 0 ||| qw: Lair rune preference: random
     0 | D:1      | 0 ||| qw: Plans: Normal
     0 | D:1      | 0 ||| PLANNING D:1-11
    29 | D:1      | 29 ||| READING scroll labelled BUADAT DEIKKE.
    30 | D:1      | 30 ||| DROPPING scroll of blinking.
    31 | D:1      | 31 ||| Stepping randomly (stuck).
    78 | D:1      | Found a faded altar of an unknown god.
    84 | D:1      | 84 ||| READING scroll labelled ONOOD UJUNG.
    85 | D:1      | 85 ||| READING scroll labelled XISUISI NIOR.
   128 | D:1      | 128 ||| Stepping ~*~*~tactically~*~*~ (stealth).
   250 | D:2      | Reached XP level 2. HP: 10/17 MP: 6/6
   426 | D:2      | Reached skill level 3 in Axes
   756 | D:2      | Noticed Jessica
   763 | D:2      | HP: 1/17 [Jessica/+0 club (8)]
   763 | D:2      | Killed from afar by Jessica

Levels and vault maps discovered:
D:1:      ldierk_water_garden, layout_loops_ring,
          ebering_ecumenical_altar_abandoned
D:2:      layout_rooms, serial_shops, nicolae_shop_window_shopping, uniq_jessica

Skill      XL: |  1  2 |
---------------+-------+-----
Axes           | 3 |  3.5
Fighting       | |  2.0
Throwing       | |  1.0
Armour         | |  1.1
Dodging        | |  2.1
Spellcasting   | |  2.0
Translocations | |  2.4

Action                   || total
-------------------------++-------
Melee: Hand axe          ||    25
       Kick              ||     6
       Peck              ||     3
Throw: Boomerang         ||     7
  Use: Scroll            ||     3
Armor: Leather armour    ||     4
Dodge: Dodged            ||    12

Table legend:
 A = Non-vault XP
 B = Vault XP
 C = Vault XP percentage of total XP
 D = Non-vault monster count
 E = Vault monster count
 F = Vault count percentage of total count
                 A         B        C        D         E       F
            +---------+---------+-------+---------+---------+-------
      Total |      27 |       0 |   0.0 |      10 |       0 |   0.0
            +---------+---------+-------+---------+---------+-------
        D:1 |       3 |       0 |   0.0 |       2 |       0 |   0.0
        D:2 |      24 |       0 |   0.0 |       8 |       0 |   0.0
            +---------+---------+-------+---------+---------+-------
